 Dungeon Crawl Stone Soup version 0.24-a0-230-g536ed4e33c (webtiles) character file.

Game seed: 3181327974060609156

2 Redear the Sneak (level 1, 0/15 HPs)
             Began as a Naga Wizard on Apr 3, 2019.
             Slain by a leopard gecko (1 damage)
             ... on level 1 of the Dungeon.
             The game lasted 00:00:50 (123 turns).

Redear the Sneak (Naga Wizard)                       Turns: 123, Time: 00:00:50

Health: 0/15       AC:  1    Str:  9    XL:     1   Next: 40%
Magic:  0/4        EV: 10    Int: 18    God:
Gold:   11         SH:  0    Dex:  9    Spells: 5/6 levels left

rFire    . . .     SeeInvis +   (no weapon)
rCold    . . .     Gourm    .   (no shield)
rNeg     . . .     Faith    .   a - +0 robe
rPois    +         Spirit   .   b - +0 hat
rElec    .         Reflect  .   (no cloak)
rCorr    .         Harm     .   (no gloves)
MR       .....                  (no barding)
Stlth    ++........             (no amulet)
HPRegen  0.05/turn              (no ring)
MPRegen  0.09/turn              (no ring)

@: very slow
A: large, see invisible, deformed body, poison resistance, slowness 2, slow
metabolism 1, spit poison 1, AC +0
a: Spit Poison


You were on level 1 of the Dungeon.
You were not hungry.

You visited 1 branch of the dungeon, and saw 1 of its levels.

You collected 11 gold pieces.

Inventory:

Missiles
 Q - 31 stones (quivered)
Armour
 a - a +0 robe (worn)
 b - a +0 hat (worn)
Scrolls
 c - a scroll of identify {unknown}
 e - a scroll of remove curse {unknown}
Potions
 f - 2 potions of brilliance {unknown}
Comestibles
 d - a ration


   Skills:
 - Level 1.5 Dodging
 + Level 3.1 Stealth
 + Level 3.0 Spellcasting
 + Level 1.1 Conjurations
   Level 1.0 Summonings
   Level 1.0 Translocations


You had 5 spell levels left.
You knew the following spells:

 Your Spells              Type           Power        Failure   Level  Hunger
a - Magic Dart            Conj           #...         10%         1    None

Your spell library contained the following spells:

 Spells                   Type           Power        Failure   Level  Hunger
 Blink                    Tloc           N/A          16%         2    ##.....
 Call Imp                 Summ           #.......     16%         2    ##.....
 Slow                     Hex            #.......     24%         2    ##.....
 Conjure Flame            Conj/Fire      #.......     36%         3    ###....
 Mephitic Cloud           Conj/Pois/Air  #.......     38%         3    ###....


Dungeon Overview and Level Annotations

Branches:
Dungeon (1/15)

Altars:


Innate Abilities, Weirdness & Mutations

You cannot wear boots.
Your serpentine skin is tough. (AC +0)
You have supernaturally acute eyesight. (SInv)
Armour fits poorly on your strangely shaped body.
Your system is resistant to poisons. (rPois)
You cover ground very slowly.
You have a slow metabolism.
You can spit poison.


Message History

The hobgoblin shouts!
You hear a shout!
You hear an angry hiss.
You hear a shout!
A kobold comes into view. It is wielding a +0 dagger.
The goblin hits you.
You take 3 damage, and have 12/15 hp.
A goblin and a kobold come into view.
The giant cockroach bites you. The goblin hits you.
* * * LOW HITPOINT WARNING * * *
The leopard gecko bites you.
* * * LOW HITPOINT WARNING * * *
The giant cockroach bites you.
* * * LOW HITPOINT WARNING * * *
You take 8 damage, and have 4/15 hp.
MASSIVE DAMAGE!!
You hit the goblin but do no damage. The hobgoblin hits you with a +0 club.
* * * LOW HITPOINT WARNING * * *
The goblin hits you.
* * * LOW HITPOINT WARNING * * *
The leopard gecko bites you.
You die...

....... # #.#... ##.##.#KK #.
.?#..#.##... ......g.. . .#
#..... .#.
#######lsg########## #..
......#.@g#........# ###.##
#..................# #....#
#.###..............####..
#....#
#.##....###.....>........
#....####.#....####.........##
#....)......[.....#####....##
.....##.###..#.###.###.#...##
# #....##.##.†##.#
##.#.###...# .#
.....##.##..##.# ##.##
##..###.#


You could see a leopard gecko, a giant cockroach, a hobgoblin, 2 goblins and 2
kobolds.

Levels and vault maps discovered:
D:1:      minmay_arrival_diagonal_passages, layout_rooms, minivault_11,
          minivault_19

Notes
Turn   | Place    | Note
-------+----------+-------------------------------------------
     0 | D:1      | Redear the Naga Wizard began the quest for the Orb.
     0 | D:1      | Reached XP level 1. HP: 15/15 MP: 4/4
   115 | D:1      | Identified a +0 short sword
   120 | D:1      | Identified a +0 club
   121 | D:1      | Identified a +0 dagger
   122 | D:1      | Identified a +0 dagger
   122 | D:1      | Identified a +0 dagger
   123 | D:1      | HP: 3/15 [hobgoblin/+0 club (1)]
   123 | D:1      | HP: 1/15 [goblin (2)]
   123 | D:1      | Slain by a leopard gecko

Table legend:
 A = Turns spent in this place as a percentage of turns spent in the entire game.
 B = Non-inter-level travel turns spent in this place as a percentage of non-inter-level travel turns spent in the entire game.
 C = Inter-level travel turns spent in this place as a percentage of turns spent in this place.
 D = Turns resting spent in this place as a percentage of non-inter-level travel turns spent in this place.
 E = Turns spent auto-exploring this place as a percentage of non-inter-level travel turns spent in this place.
 F = Non-inter-level travel turns spent in this place divided by the number of levels of this place that you've seen.
                   A       B       C       D       E      F
               +-------+-------+-------+-------+-------+----------------------
         Total | 100.0 | 100.0 |   0.0 |   0.0 |  69.1 | 123.0
       Dungeon | 100.0 | 100.0 |   0.0 |   0.0 |  69.1 | 123.0
               +-------+-------+-------+-------+-------+----------------------

Table legend:
 A = Kills in this place as a percentage of kills in entire the game.
 B = Kills by you in this place as a percentage of kills by you in the entire game.
 C = Kills by friends in this place as a percentage of kills by friends in the entire game.
 D = Other kills in this place as a percentage of other kills in the entire game.
 E = Experience gained in this place as a percentage of experience gained in the entire game.
 F = Experience gained in this place divided by the number of levels of this place that you have seen.
                   A       B       C       D       E      F
               +-------+-------+-------+-------+-------+----------------------
         Total | 100.0 | 100.0 |   N/A |   N/A | 100.0 |   4.0
       Dungeon | 100.0 | 100.0 |   N/A |   N/A | 100.0 |   4.0
               +-------+-------+-------+-------+-------+----------------------

Action                   || total
-------------------------++-------
Melee: Unarmed           ||     2
 Cast: Magic Dart        ||     6
Dodge: Dodged            ||     1

Vanquished Creatures
  A kobold (D:1)
  2 frilled lizards (D:1)
3 creatures vanquished.
